Map: Alcyone LE

Players

Lambo - Winner!

  • Race: Zerg Zerg
  • League: Grandmaster
  • Spawn Location: 1:00

Moja

  • Race: Terran Terran
  • League: Grandmaster
  • Spawn Location: 7:00

VOD

Have the link to the VOD?

Description

Time

  • Played on: June 17, 2024, 9:39 a.m.
  • Length: 13:00
Show
View Real Time Build Order
Export as new Build Order

Lambo Zerg - Winner!

Build Orders: Hatch First 

Get SALT Encoding   

  12  0:00  Drone  
  13  0:13  Overlord  
  13  0:17  Drone  
  14  0:32  Drone x2  
  16  0:47  Hatchery  
  15  0:50  Drone  
  15  0:54  Drone  
  17  0:57  Drone  
  18  1:08  Extractor  
  17  1:13  Spawning Pool  
  17  1:15  Drone  
  18  1:18  Drone  
  18  1:28  Drone  
  20  1:40  Drone  
  20  1:50  Drone  
  21  1:59  Queen x2  
  21  2:00  Zergling x4  
  27  2:10  Drone  
  27  2:11  Overlord  
  28  2:19  Hatchery  
  28  2:22  Drone  
  28  2:29  Drone  
  29  2:31  Drone  
  29  2:32  Drone  
  31  2:39  Queen  
  31  2:43  Metabolic Boost  
  33  2:47  Overlord  
  33  2:50  Zergling x2  
  34  2:54  Zergling x2  
  35  3:01  Extractor, Queen  
  37  3:10  Zergling x4  
  37  3:11  Drone x4  
  43  3:21  Queen  
  43  3:24  Drone  
  43  3:32  Queen  
  43  3:33  Drone x2  
  47  3:34  Drone  
  47  3:36  Overlord  
  47  3:38  Drone  
  49  3:48  Overlord  
  49  3:51  Overlord  
  49  3:54  Queen  
  51  3:56  Drone x4  
  51  3:58  Drone  
  51  4:00  Drone  
  57  4:06  Overlord  
  57  4:11  Drone x2  
  57  4:14  Drone x5  
  64  4:22  Drone  
  64  4:23  Queen  
  67  4:25  Overlord  
  67  4:30  Drone x4  
  71  4:31  Overlord  
  71  4:34  Queen  
  71  4:36  Drone  
  74  4:42  Zergling x4  
  76  4:46  Drone x3  
  76  4:50  Extractor  
  76  4:52  Drone x3  
  81  5:01  Drone  
  81  5:02  Extractor, Drone x3  
  81  5:03  Baneling Nest  
  83  5:07  Drone x5  
  83  5:08  Hatchery  
  83  5:09  Drone  
  83  5:10  Extractor  
  87  5:16  Drone x2  
  87  5:19  Extractor  
  87  5:20  Spore Crawler x2  
  87  5:21  Evolution Chamber x2  
  85  5:22  Lair  
  85  5:23  Drone  
  85  5:27  Zergling x6  
  88  5:29  Zergling x2  
  88  5:30  Zergling x2  
  88  5:33  Drone x3  
  93  5:38  Overlord, Zergling x4  
  93  5:39  Drone  
  93  5:40  Drone  
  97  5:47  Zerg Ground Armor Level 1, Zerg Melee Weapons Level 1  
  97  5:50  Overlord  
  97  5:51  Overlord  
  97  5:52  Baneling x3  
  97  5:54  Overlord  
  97  5:56  Overlord  
  97  5:59  Overlord  
  97  6:00  Overlord  
  97  6:01  Baneling x2  
  97  6:02  Baneling x3  
  97  6:04  Overlord  
  97  6:07  Zergling x6  
  97  6:08  Baneling x2  
  100  6:12  Baneling x2, Zergling x6  
  100  6:14  Zergling x4  
  100  6:18  Drone x3  
  108  6:20  Overlord  
  108  6:22  Zergling x4  
  108  6:24  Baneling x3  
  110  6:30  Zergling x10  
  103  6:41  Drone x8  
  103  6:42  Drone x2  
  113  6:47  Hydralisk Den  
  113  6:52  Zergling x4  
  113  6:53  Baneling x4  
  113  7:00  Drone x2  
  115  7:01  Infestation Pit, Drone x5  
  115  7:04  Extractor  
  115  7:05  Spore Crawler  
  117  7:08  Hatchery  
  117  7:11  Centrifugal Hooks, Zergling x8  
  117  7:14  Baneling x4  
  120  7:19  Extractor, Zergling x10  
  124  7:23  Drone  
  124  7:24  Drone  
  124  7:27  Overlord  
  124  7:28  Pneumatized Carapace  
  126  7:35  Grooved Spines, Hydralisk x7  
  140  7:38  Drone  
  140  7:40  Drone  
  140  7:41  Drone  
  140  7:42  Hive  
  140  7:43  Zergling x4  
  145  7:46  Zergling x4  
  145  7:47  Baneling x4  
  147  7:53  Zergling x4  
  147  7:55  Zergling x4  
  151  8:02  Baneling x5  
  151  8:04  Zergling x12  
  157  8:09  Zergling x18  
  157  8:11  Baneling x7  
  166  8:21  Zergling x10  
  161  8:31  Zergling x18  
  163  8:38  Hydralisk x7  
  155  8:43  Queen x2  
  155  8:46  Zergling x8  
  153  8:52  Zergling x6  
  156  8:56  Queen x2  
  156  8:57  Adrenal Glands  
  156  8:58  Viper, Baneling x6  
  156  9:02  Zergling x12  
  167  9:03  Baneling  
  167  9:04  Baneling x4  
  167  9:06  Zergling x6  
  163  9:12  Zergling x12  
  163  9:14  Zergling x4  
  163  9:16  Zergling x2  
  153  9:22  Queen x2  
  148  9:26  Zergling x12  
  152  9:32  Zerg Melee Weapons Level 2, Zergling x10  
  156  9:38  Baneling  
  156  9:39  Baneling x13  
  156  9:40  Zergling x4  
  156  9:41  Baneling  
  156  9:45  Zergling x8  
  161  9:51  Zergling x12  
  164  9:53  Zergling x2  
  162  10:01  Zergling x8  
  162  10:07  Muscular Augments  
  157  10:11  Zergling x30  
  152  10:17  Queen  
  152  10:18  Zergling x2  
  152  10:20  Baneling  
  152  10:21  Baneling x4, Queen x2  
  155  10:25  Zergling x10  
  152  10:35  Zergling x12  
  147  10:41  Zergling x10  
  147  10:44  Hydralisk  
  147  10:45  Hydralisk  
  147  10:46  Baneling x7  
  147  10:48  Hydralisk x3  
  157  10:50  Baneling x6  
  157  10:51  Baneling  
  157  10:56  Zergling x8  
  161  11:00  Hydralisk x2  
  163  11:04  Hydralisk  
  163  11:11  Hydralisk x2  
  165  11:20  Overlord x2  
  165  11:24  Overlord, Lurker Den  
  164  11:29  Hydralisk x3  
  164  11:31  Overlord  
  164  11:35  Overlord  
  164  11:37  Baneling x10  
  164  11:38  Queen  
  164  11:39  Zergling x16  
  175  11:40  Zergling x2  
  175  11:43  Zergling x8  
  175  11:45  Zergling x2  
  175  11:46  Zergling x6  
  183  11:51  Zergling x6  
  183  12:02  Zergling x10  
  183  12:06  Baneling  
  183  12:07  Hydralisk, Baneling x18  
  183  12:08  Hydralisk x2  
  191  12:16  Hydralisk x4  
  191  12:19  Zergling x8  
  198  12:25  Zergling x2  
  197  12:38  Zergling x4  
Show
View Real Time Build Order
Export as new Build Order

Moja Terran 

Build Orders:  

Get SALT Encoding   

  12  0:00  SCV  
  13  0:12  SCV  
  14  0:19  Supply Depot  
  14  0:24  SCV  
  15  0:40  SCV  
  15  0:41  Barracks  
  16  0:44  Refinery  
  16  0:52  SCV  
  17  1:01  Barracks  
  17  1:04  SCV  
  18  1:16  SCV  
  19  1:28  Reaper, Orbital Command  
  20  1:33  Supply Depot  
  20  1:48  Reaper  
  22  1:54  SCV  
  22  2:03  Reaper  
  22  2:06  SCV  
  24  2:10  Command Center  
  24  2:16  Refinery  
  24  2:18  SCV  
  25  2:25  Reaper  
  26  2:30  SCV  
  27  2:42  SCV  
  28  2:49  Command Center  
  28  2:57  SCV  
  29  3:09  SCV  
  29  3:12  Barracks Reactor, Barracks Tech Lab  
  30  3:13  Factory  
  30  3:24  SCV  
  30  3:26  Orbital Command  
  31  3:36  SCV  
  31  3:39  Engineering Bay  
  31  3:40  Engineering Bay  
  32  3:48  Stimpack, SCV  
  33  3:51  SCV  
  34  3:57  Barracks Reactor  
  34  4:00  SCV  
  34  4:02  Orbital Command  
  35  4:03  SCV  
  35  4:05  Terran Infantry Weapons Level 1  
  35  4:08  Terran Infantry Armor Level 1  
  36  4:12  SCV  
  36  4:16  SCV  
  36  4:17  Hellion  
  40  4:18  Hellion  
  42  4:24  SCV  
  42  4:26  Marine  
  42  4:28  SCV  
  45  4:34  Marine x2  
  45  4:37  Supply Depot, SCV x2  
  51  4:38  Hellion  
  51  4:41  Hellion  
  51  4:42  SCV  
  51  4:45  Marine  
  54  4:46  Starport  
  54  4:49  Supply Depot  
  54  4:50  SCV x2  
  54  4:52  Marine  
  58  4:53  Marine  
  58  4:56  SCV  
  60  5:02  SCV  
  60  5:03  Hellion x2, Marine  
  60  5:06  SCV  
  67  5:09  Supply Depot  
  67  5:12  Refinery x2  
  67  5:14  SCV  
  67  5:18  Marine, SCV  
  67  5:19  Marine, SCV  
  67  5:21  Marine  
  72  5:24  Armory  
  73  5:29  SCV  
  73  5:30  SCV  
  73  5:32  Combat Shield  
  73  5:33  Medivac  
  77  5:36  Medivac, Factory Tech Lab  
  77  5:37  Orbital Command  
  77  5:38  Marine x2  
  77  5:39  Marine  
  77  5:42  Supply Depot, SCV  
  83  5:45  Supply Depot  
  83  5:47  SCV  
  84  5:54  SCV  
  85  6:03  Siege Tank, Marine x2, SCV x2  
  92  6:06  SCV  
  93  6:11  Barracks  
  93  6:13  Barracks x2  
  93  6:15  SCV  
  93  6:17  Supply Depot  
  93  6:18  Terran Infantry Weapons Level 2, Terran Infantry Armor Level 2  
  94  6:20  SCV  
  94  6:24  SCV  
  94  6:25  Marine x3  
  96  6:28  SCV  
  83  6:40  SCV  
  83  6:41  SCV  
  83  6:43  Barracks, Marine x3  
  83  6:45  Barracks  
  83  6:46  Barracks  
  88  6:56  Siege Tank, SCV  
  88  6:57  Medivac x2  
  88  7:01  Marine x3  
  96  7:03  SCV  
  96  7:04  Supply Depot  
  96  7:07  SCV  
  104  7:18  Supply Depot  
  104  7:19  Barracks Reactor x3, Supply Depot, Marine x2  
  104  7:20  Supply Depot  
  104  7:21  SCV x3  
  106  7:34  Marine x3  
  106  7:36  Marine  
  110  7:38  Medivac x2  
  110  7:41  Marine x2  
  116  7:46  Siege Tank  
  119  7:52  Marine x3  
  119  7:54  Marine  
  119  7:55  Marine x2  
  119  7:57  Marine x4  
  129  7:59  Marine x2  
  129  8:02  Supply Depot  
  129  8:03  Supply Depot  
  131  8:10  Marine x3  
  131  8:12  Marine x2  
  135  8:13  Marine  
  135  8:14  Marine  
  135  8:15  Marine x3  
  135  8:17  Marine  
  141  8:23  Medivac x2, Marine  
  141  8:24  Siege Tank, Supply Depot x2  
  134  8:28  Marine x3  
  134  8:30  Marine x3  
  134  8:32  Marine x2  
  134  8:33  Marine x2  
  139  8:35  Marine  
  120  8:41  Marine  
  120  8:45  Marine  
  120  8:46  Marine x2  
  120  8:48  Marine x3  
  116  8:50  Marine x4  
  116  8:53  Medivac x2, Marine  
  127  8:56  Siege Tank  
  127  8:59  Marine  
  131  9:03  Marine x2  
  131  9:04  Marine  
  131  9:05  Marine  
  131  9:06  Marine x2  
  131  9:08  Marine x4  
  136  9:13  Marine  
  125  9:17  Marine  
  125  9:21  Marine x3  
  125  9:23  Medivac x2, Marine  
  125  9:24  Marine x2  
  100  9:27  Marine x4  
  100  9:28  SCV  
  100  9:29  SCV  
  101  9:31  Marine  
  101  9:35  Marine  
  103  9:39  Marine x3  
  103  9:41  Marine x2  
  103  9:42  Marine  
  103  9:44  Marine  
  103  9:45  Marine x3  
  112  9:49  Marine  
  113  9:52  Marine  
  113  9:57  Marine x3  
  113  9:59  Marine x3  
  118  10:02  Marine  
  118  10:03  Marine x3  
  118  10:07  Marine  
  117  10:10  Marine  
  99  10:14  Marine  
  99  10:16  Marine x2  
  99  10:19  Marine  
  99  10:20  Marine x2  
  99  10:21  Marine x2  
  102  10:25  Marine  
  100  10:28  Marine  
  100  10:30  Marine  
  100  10:34  Marine x2  
  95  10:41  Marine  
  95  10:42  Siege Tank, Marine x2  
  94  10:46  Marine x2  
  94  10:47  Marine x4  
  100  10:55  Medivac x2, Marine  
  105  10:57  Marine  
  105  10:58  Marine  
  107  11:05  Marine  
  107  11:09  Marine  
  107  11:10  Marine x2  
  111  11:12  SCV x2  
  113  11:23  Marine x2  
  113  11:25  Marine x2  
  116  11:30  Medivac x2  
  116  11:31  Siege Tank, Marine x2  
  118  11:38  Marine x2  
  120  11:40  Marine  
  120  11:41  Marine  
  120  11:43  Marine  
  121  11:47  Marine x3  
  121  11:48  Marine x2  
  121  11:49  Marine x2  
  124  11:56  Marine x2  
  124  11:58  Marine  
  124  11:59  Marine  
  124  12:01  Marine  
  127  12:04  Marine  
  127  12:05  Marine x3  
  127  12:06  Marine  
  127  12:07  Marine x2  
  134  12:14  Marine  
  133  12:18  Marine  
  133  12:19  Medivac x2  
  133  12:20  Marine  
  134  12:23  Marine x3  
  134  12:24  Marine  
  134  12:26  Marine  
  139  12:35  Marine x2  
  138  12:37  Marine  
Tags
 
Add a new tag
Caveats
  • Supply blocks, unpowered buildings, or Contaminate may cause inaccurate times.
  • Supply counts are checked every 10 seconds.